AoeStats
← EL REGRESO DE JD

Arabia

509640024Analyzed
1v1 RM · 4d ago on Sep 27, 2026· 18m 40s· 2 players
Game mode
Random Map
Map size
Tiny (2 player)
Population
200
Speed
Normal
Resources
Standard
Victory
Conquest
Starting age
Dark Age
Ending age
Imperial Age
RankedLock teamsTeams togetherTeam positionsShared explorationLock speedFull tech treeHidden civsTurbo modeCheats
Victory
Defeat
🇺🇸 Chinese · United States
946
+15
🇵🇪 Koreans · Peru
929
-15
EL REGRESO DE JD
3:15 Loom
10:43 Feudal Age
19:46 Castle Age
magnus_lupus
0:33 Loom
11:15 Feudal Age
12:40 Wheelbarrow
15:51 Castle Age
14:13 Double-Bit Axe
14:23 Horse Collar
Connection lost

Rejoining the realm…

Still unreachable

The connection could not be restored.

Session expired

The server has moved on; the page needs a fresh start.